 Dungeon Crawl Stone Soup version 0.31-a0-968-g24f9ace8b5 (webtiles) character file.

Game seed: 1506335457118740032

30625 Mesmaeker13 the Thaumaturge (level 13, 0/63 HPs)
             Began as a Deep Elf Earth Elementalist on Oct 23, 2023.
             Was a High Priest of Vehumet.
             Slain by a death yak simulacrum (7 damage)
             ... in an ice cave on Oct 27, 2023.
             The game lasted 00:44:44 (13134 turns).

Mesmaeker13 the Thaumaturge (DEEE)                 Turns: 13134, Time: 00:44:44

Health: 0/63       AC: 14    Str:  7    XL:     13   Next: 21%
Magic:  5/30       EV: 16    Int: 24    God:    Vehumet [*****.]
Gold:   814        SH:  0    Dex: 15    Spells: 17/34 levels left

rFire   + . .        B - staff of conjuration
rCold   + + .        (no shield)
rNeg    . . .        s - +1 leather armour {rC+ rF+}
rPois   .            M - +2 hat {Stlth+}
rElec   .            J - +0 cloak
rCorr   .            F - +2 pair of gloves
SInv    .            (no boots)
Will    .....        i - amulet of magic regeneration
Stlth   ++++         h - +4 ring of protection
HPRegen 0.30/turn    u - ring of protection from cold
MPRegen 0.62/turn

%: no passive effects
@: weak-willed, very slightly contaminated
A: no striking features
a: Renounce Religion


You were in an ice cave.
You worshipped Vehumet.
Vehumet was extremely pleased with you.
You visited 3 branches of the dungeon, and saw 13 of its levels.
You also visited: Ice Cave.

You collected 838 gold pieces.
You spent 24 gold pieces at shops.

Inventory:

Hand Weapons
 a - a +2 trident of flaming
Missiles
 z - 11 curare-tipped darts
 O - a throwing net
Armour
 s - a +1 leather armour of resistance (worn)
 x - a +2 robe of willpower
 A - the +2 pair of boots of Micsehesch {rPois rF+ Int-4}
   (You found it in an ice cave)

   Int-4:     It affects your intelligence (-4).
   rF+:       It protects you from fire.
   rPois:     It protects you from poison
 F - a +2 pair of gloves (worn)
 J - a +0 cloak (worn)
 M - a +2 hat of stealth (worn)
Magical Staves
 B - a staff of conjuration (weapon)
 S - a staff of earth
Jewellery
 h - a +4 ring of protection (left hand)
 i - an amulet of magic regeneration (around neck)
 p - a ring of willpower
 r - a +4 ring of protection
 u - a ring of protection from cold (right hand)
 v - a +5 ring of evasion
 I - a ring of protection from fire
 N - an amulet of regeneration
Wands
 d - a wand of quicksilver (5)
 m - a wand of mindburst (13)
 C - a wand of charming (4)
 Q - a wand of digging (4)
 U - a wand of flame (12)
Scrolls
 c - 4 scrolls of immolation
 e - 2 scrolls of fear
 f - 2 scrolls of silence
 g - 2 scrolls of enchant armour
 j - 2 scrolls of teleportation {unknown}
 l - a scroll of noise {unknown}
 o - a scroll of enchant weapon
 y - 3 scrolls of poison
 E - a scroll of amnesia
 G - a scroll of torment {unknown}
 L - a scroll of vulnerability
 T - a scroll of revelation {unknown}
Potions
 b - a potion of magic
 k - 3 potions of ambrosia
 n - a potion of berserk rage {unknown}
 q - 7 potions of curing
 t - a potion of lignification
 w - 2 potions of brilliance
 D - 2 potions of attraction {unknown}
 K - a potion of enlightenment {unknown}
 P - 3 potions of haste {unknown}
 R - a potion of mutation {unknown}


   Skills:
 + Level 3.7 Armour
 - Level 10.4 Dodging
 - Level 4.7 Stealth
 - Level 11.4 Spellcasting
 + Level 10.3 Conjurations
 + Level 9.9 Summonings
 + Level 8.7 Translocations
 + Level 6.3 Transmutations
 + Level 10.7 Earth Magic


You had 17 spell levels left.
You knew the following spells:

 Your Spells              Type           Power      Damage    Failure   Level
a - Sandblast             Erth           100%       2d20      1%          1
b - Stone Arrow           Conj/Erth      100%       3d13      1%          3
c - Summon Forest         Summ/Tloc      27%        N/A       4%          5
d - Summon Cactus Giant   Summ           28%        N/A       17%         6
e - Passwall              Tmut/Erth      44%        N/A       1%          2

Your spell library contained the following spells:

 Spells                   Type           Power      Damage    Failure   Level
 Spellforged Servitor     Conj/Summ      38%        N/A       22%         7
 Foxfire                  Conj/Fire      100%       2x1d9     1%          1
 Blink                    Tloc           100%       N/A       1%          2
 Call Imp                 Summ           100%       N/A       1%          2
 Mephitic Cloud           Conj/Pois/Air  45%        N/A       1%          3
 Volatile Blastmotes      Fire/Tloc      68%        2d15      1%          3
 Brom's Barrelling Bould  Conj/Erth      77%        2d9       1%          4
 Manifold Assault         Tloc           54%        N/A       1%          4
 Petrify                  Tmut/Erth      53%        N/A       1%          4
 Poisonous Vapours        Pois/Air       26%        N/A       2%          2
 Ignite Poison            Fire/Tmut/Pois 23%        N/A       2%          3
 Frozen Ramparts          Ice            26%        1d4       5%          3
 Freezing Cloud           Conj/Ice/Air   22%        6-21      12%         5
 Ozocubu's Armour         Ice            13%        N/A       21%         3
 Monstrous Menagerie      Summ           28%        N/A       67%         7
 Malign Gateway           Summ/Tloc      27%        N/A       77%         7
 Summon Horrible Things   Summ           28%        N/A       100%        8


Dungeon Overview and Level Annotations

Branches:
Dungeon (9/15)             Temple (1/1) D:4            Lair (3/5) D:8
 Shoals (0/4) Lair:3        Snake (0/4) Lair:3        IceCv (1/1)
    Orc: D:9-12

Altars:
Ashenzari
Cheibriados
Dithmenos
Elyvilon
Fedhas
Gozag
Hepliaklqana
Kikubaaqudgha
Makhleb
Nemelex Xobeh
Okawaru
Qazlal
Ru
Sif Muna
Uskayaw
Vehumet
Wu Jian
Xom
Yredelemnul
Zin
The Shining One

Shops:
D:4 :   D:8 ?[

Annotations:
D:6 3 runed translucent doors, Sapher's ghost, novice MeEE


Message History

Confirm with . or Enter, or press ? or * to list all spells.
Aiming: Stone Arrow (safe; 1% risk of failure)
Press: ? - help, Shift-Dir - straight line, f/p - nameless horror
Aim: a nameless horror (severely damaged, durably summoned, 100% to hit)
You feel a surge of power!
The stone arrow hits the nameless horror!
You destroy the nameless horror!
That felt strangely unrewarding.
Casting: Stone Arrow (safe; 1% risk of failure)
Confirm with . or Enter, or press ? or * to list all spells.
You miscast Summon Cactus Giant.
Distant voices call out in your mind.
A nameless horror comes into view.
The death yak simulacrum gores you but does no damage.
The nameless horror closely misses you.
Casting: Summon Cactus Giant (quite dangerous; 17% risk of failure)
Confirm with . or Enter, or press ? or * to list all spells.
Aiming: Stone Arrow (safe; 1% risk of failure)
Press: ? - help, Shift-Dir - straight line, f - nameless horror
Aim: a nameless horror (durably summoned, 100% to hit)
You feel a surge of power!
The stone arrow hits the nameless horror!!
The nameless horror is heavily damaged.
The death yak simulacrum gores you. The death yak simulacrum freezes you.
You resist. The nameless horror barely misses you.
Casting: Stone Arrow (safe; 1% risk of failure)
Confirm with . or Enter, or press ? or * to list all spells.
Aiming: Stone Arrow (safe; 1% risk of failure)
Press: ? - help, Shift-Dir - straight line, f/p - nameless horror
Aim: a nameless horror (heavily damaged, durably summoned, 100% to hit)
You feel a surge of power!
The stone arrow hits the nameless horror!!
You destroy the nameless horror!
That felt strangely unrewarding.
The death yak simulacrum gores you but does no damage.
As you read the scroll labelled SEADAO BACH, it crumbles to dust.
Magic quickly surges around you.
It was a scroll of vulnerability.
The death yak simulacrum gores you!
* * * LOW HITPOINT WARNING * * *
The death yak simulacrum freezes you! You resist.
You die...

###...##
#.#....#
##...[[.#
#.#.#.#.#
##.#####.# #.##
##.# ##.####..#
##.##..##
##@##.##
#Z##..# .
##Z##.## ..
#Z###..## ...
##..###..## ...
#.### #...# #.Z
#.#.###...#
#..##....###..#
#Z...#≈##≈#..#


You could see 2 death yak simulacra and a naga simulacrum (weak-willed).

Vanquished Creatures
  2 hydras
  A two-headed ogre (D:8)
  A death yak (Lair:2)
  Sonja (Lair:1)
  Amaemon (Lair:1)
  3 nameless horrors (IceCv)
  A skyshark (Lair:3)
  Pikel (D:7)
  A manticore (Lair:3)
  An ice statue (IceCv)
  3 black mambas
  An elephant (Lair:2)
  An orange demon (Lair:1)
  Maggie (D:9)
  8 cane toads
  A rime drake (Lair:2)
  7 komodo dragons
  A freezing wraith (IceCv)
  A troll (D:8)
  A wind drake (Lair:3)
  2 polar bears
  4 blink frogs
  Sigmund (D:4)
  5 wyverns
  16 yaks
  2 shadows (D:9)
  3 vampire mosquitoes
  4 basilisks
  A steam dragon (D:7)
  2 nagas (Lair:3)
  An acid dragon (D:8)
  11 water moccasins
  2 ice beasts
  2 swamp drakes (Lair:2)
  An orc warrior (D:9)
  A black bear (Lair:2)
  2 sky beasts (D:7)
  7 wolves
  5 centaurs
  A lemure (D:7)
  A phantom (D:6)
  2 kobold brigands
  2 two-headed ogre simulacra (IceCv)
  12 bullfrogs
  A scorpion (D:4)
  17 wights
  3 killer bees (D:8)
  4 electric eels (D:8)
  A howler monkey (D:6)
  5 hounds
  4 orc priests
  4 sleepcaps
  2 gnoll boudas
  4 iguanas
  6 orc wizards
  A polar bear simulacrum (IceCv)
  2 troll simulacra (IceCv)
  3 spriggan simulacra (IceCv)
  Robin (D:2)
  16 gnolls
  5 adders
  4 naga simulacra (IceCv)
  5 white imps
  6 ufetubi
  A worm (D:2)
  2 dart slugs
  17 orcs
  12 ball pythons
  3 bats (D:1)
  6 endoplasms
  5 giant cockroaches
  11 hobgoblins
  4 jackals (D:4)
  4 quokkas
  2 frilled lizards
  17 goblins
  17 kobolds
  6 rats
329 creatures vanquished.

Vanquished Creatures (collateral kills)
  Gastronok (Lair:1)
  3 hydras (Lair:2)
  2 black mambas
  A cane toad (Lair:2)
  A dream sheep (Lair:2)
  A wyvern (Lair:2)
  4 yaks
  A nameless horror (Lair:2)
  2 death yak simulacra (IceCv)
  A harpy simulacrum (IceCv)
  A naga (Lair:3)
  4 water moccasins
  A black bear (Lair:2)
  2 bullfrogs (Lair:1)
  2 cane toad simulacra (IceCv)
  A two-headed ogre simulacrum (IceCv)
  A hell rat (Lair:2)
  2 spriggan simulacra (IceCv)
  5 troll simulacra (IceCv)
  4 naga simulacra (IceCv)
  3 white imps (IceCv)
  2 ufetubi (IceCv)
45 creatures vanquished.

Vanquished Creatures (others)
  A nameless horror (IceCv)
  A water moccasin (Lair:2)
2 creatures vanquished.

Grand Total: 376 creatures vanquished

Notes
Turn   | Place    | Note
-------+----------+-------------------------------------------
     0 | D:1      | Mesmaeker13 the Deep Elf Earth Elementalist began the quest
                  | for the Orb.
     0 | D:1      | Reached XP level 1. HP: 10/10 MP: 6/6
   123 | D:1      | Found a faded altar of an unknown god.
   150 | D:1      | Reached XP level 2. HP: 15/15 MP: 5/8
   761 | D:1      | Reached XP level 3. HP: 19/19 MP: 7/10
  1010 | D:2      | Learned a level 3 spell: Stone Arrow
  1163 | D:2      | Noticed Robin
  1175 | D:2      | Killed Robin
  1176 | D:2      | Reached XP level 4. HP: 24/24 MP: 5/11
  1677 | D:3      | Identified the "Cunaavad"
  1861 | D:3      | Reached skill level 4 in Spellcasting
  2050 | D:3      | You fall into a shaft and drop 3 floors!
  2050 | D:6      | Identified the "Qidec"
  2058 | D:5      | Entered Level 5 of the Dungeon
  2071 | D:5      | Reached skill level 1 in Conjurations
  2108 | D:5      | Noticed a yak
  2108 | D:5      | Noticed a water moccasin
  2119 | D:5      | Killed a water moccasin
  2120 | D:5      | Reached XP level 5. HP: 4/28 MP: 8/13
  2167 | D:5      | Noticed a centaur
  2182 | D:5      | Killed a centaur
  2183 | D:5      | Reached XP level 6. HP: 23/32 MP: 8/15
  2350 | D:4      | Found a staircase to the Ecumenical Temple.
  2363 | D:4      | Reached skill level 5 in Spellcasting
  2368 | Temple   | Entered the Ecumenical Temple
  2507 | Temple   | Became a worshipper of Vehumet
  2535 | D:4      | Learned a level 5 spell: Summon Forest
  2611 | D:4      | Found Etev's Book Shop.
  2657 | D:4      | Found a sacrificial altar of Ru.
  2950 | D:4      | Reached skill level 1 in Summonings
  2950 | D:4      | Reached XP level 7. HP: 36/36 MP: 13/16
  3004 | D:4      | Found a glowing silver altar of Zin.
  3208 | D:4      | Noticed Sigmund
  3216 | D:4      | Killed Sigmund
  3217 | D:4      | Reached skill level 5 in Dodging
  3217 | D:4      | Reached skill level 5 in Earth Magic
  3562 | D:5      | Noticed a yak
  3564 | D:5      | Noticed a yak
  3574 | D:5      | Killed a yak
  3581 | D:5      | Noticed a yak
  3605 | D:5      | Killed a yak
  3605 | D:5      | Killed a yak
  3605 | D:5      | Killed a yak
  3606 | D:5      | Reached skill level 6 in Spellcasting
  3606 | D:5      | Reached XP level 8. HP: 25/41 MP: 10/19
  3708 | D:5      | Reached * piety under Vehumet
  3708 | D:5      | Offered knowledge of Freeze by Vehumet.
  4220 | D:6      | Reached skill level 7 in Spellcasting
  4384 | D:6      | Found a shadowy altar of Dithmenos.
  4409 | D:6      | Reached XP level 9. HP: 45/45 MP: 17/21
  4465 | D:6      | Reached skill level 5 in Conjurations
  4811 | D:6      | Reached skill level 1 in Translocations
  5062 | D:6      | Noticed Sapher's ghost (novice MeEE)
  5159 | D:6      | Found a runed translucent gate.
  5159 | D:6      | Found a runed translucent gate.
  5159 | D:6      | Found a runed translucent gate.
  5905 | D:7      | Reached ** piety under Vehumet
  5905 | D:7      | Offered knowledge of Searing Ray by Vehumet.
  5911 | D:7      | Reached skill level 8 in Spellcasting
  5972 | D:7      | Reached skill level 5 in Summonings
  6049 | D:7      | Found a stormy altar of Qazlal.
  6149 | D:7      | Found an opulent altar of Gozag.
  6336 | D:7      | Noticed Pikel
  6364 | D:7      | Killed Pikel
  6608 | D:8      | Noticed a two-headed ogre
  6613 | D:8      | Killed a two-headed ogre
  6614 | D:8      | Reached XP level 10. HP: 50/50 MP: 11/24
  6847 | D:8      | Reached skill level 9 in Spellcasting
  7169 | D:8      | Offered knowledge of Dazzling Flash by Vehumet.
  7318 | D:8      | Found Cheibriados's Comfort Zone.
  7320 | D:8      | Found a snail-covered altar of Cheibriados.
  7366 | D:8      | Found a staircase to the Lair.
  7710 | D:8      | Reached *** piety under Vehumet
  7803 | D:8      | Found Zahayc's Magic Scroll Shoppe.
  7888 | D:8      | Bought a scroll of identify for 24 gold pieces
  8037 | D:9      | Reached skill level 5 in Translocations
  8212 | D:9      | Offered knowledge of Fulminant Prism by Vehumet.
  8213 | D:9      | Reached XP level 11. HP: 54/54 MP: 26/26
  8564 | D:9      | Identified the +7 quarterstaff of the Disbelieving King
                  | {heavy, rElec Str+3 Int-5}
  8734 | D:9      | Noticed Maggie
  8745 | D:9      | Killed Maggie
  8974 | Lair:1   | Entered Level 1 of the Lair of Beasts
  8980 | Lair:1   | Reached skill level 10 in Spellcasting
  9147 | Lair:1   | Noticed Amaemon
  9155 | Lair:1   | Killed Amaemon
  9264 | Lair:1   | Noticed Sonja
  9286 | Lair:1   | Killed Sonja
  9455 | Lair:1   | Noticed Gastronok
  9471 | Lair:1   | Killed Gastronok
 10031 | Lair:2   | Identified the "Mits"
 10104 | Lair:2   | Reached skill level 10 in Dodging
 10158 | Lair:2   | Noticed a death yak
 10159 | Lair:2   | Noticed an eight-headed hydra
 10164 | Lair:2   | Reached **** piety under Vehumet
 10166 | Lair:2   | Reached skill level 11 in Spellcasting
 10170 | Lair:2   | Killed an eight-headed hydra
 10170 | Lair:2   | Offered knowledge of Inner Flame by Vehumet.
 10341 | Lair:2   | Reached XP level 12. HP: 59/59 MP: 24/29
 11123 | Lair:2   | Reached skill level 1 in Armour
 11324 | Lair:2   | Killed a death yak
 11508 | Lair:2   | Reached skill level 10 in Earth Magic
 11521 | Lair:2   | Identified the +0 robe of the Eternal Void {+Blink rElec
                  | MP-9 Stlth+}
 11691 | Lair:2   | Noticed a four-headed hydra
 11691 | Lair:2   | Noticed a seven-headed hydra
 11704 | Lair:2   | Learned a level 6 spell: Summon Cactus Giant
 11717 | Lair:2   | Reached skill level 5 in Transmutations
 11732 | Lair:2   | Killed a four-headed hydra
 11736 | Lair:2   | Reached ***** piety under Vehumet
 11765 | Lair:2   | Noticed a four-headed hydra
 11772 | Lair:2   | Offered knowledge of Spellforged Servitor by Vehumet.
 11781 | Lair:2   | Killed a four-headed hydra
 11791 | Lair:2   | Killed a seven-headed hydra
 11908 | Lair:3   | Found a staircase to the Shoals.
 11931 | Lair:3   | Reached skill level 10 in Conjurations
 12106 | Lair:3   | Noticed a five-headed hydra
 12119 | Lair:3   | Killed a five-headed hydra
 12120 | Lair:3   | Reached XP level 13. HP: 58/63 MP: 26/30
 12245 | Lair:3   | Found a staircase to the Snake Pit.
 12339 | Lair:3   | Found a frozen archway.
 12355 | IceCv    | Entered an ice cave
 12356 | IceCv    | Upgraded the game from 0.31-a0-960-g0fca184906 to
                  | 0.31-a0-968-g24f9ace8b5
 12403 | IceCv    | Learned a level 2 spell: Passwall
 12619 | IceCv    | Identified the +4 arbalest of Yssyedum {freeze, rC- rN+
                  | Int+6}
 13074 | IceCv    | Identified the +2 pair of boots of Micsehesch {rPois rF+
                  | Int-4}
 13134 | IceCv    | Slain by a death yak simulacrum

Illustrated notes

Levels and vault maps discovered:
D:1:      tarquinn_simple_flora_water_a, layout_basic,
          shapermc_ecumenical_altar_gd
D:2:      layout_basic, minmay_misc_feat_doors, minmay_split_cup_small,
          uniq_robin
D:3:      layout_basic
D:4:      layout_loops_cross, overflow_temple_1_default, zin_academy,
          minmay_temple_entry_slanted, serial_shops, shop, st_stairs_9,
          nicolae_zen_rock_garden, corexii_hall_statues_l, uniq_sigmund
D:5:      layout_rooms
D:6:      layout_layer_cave, nicolae_dithmenos_shadow_blocks,
          gammafunk_ghost_icy
D:7:      layout_loops_ring, mainiacjoe_overflow_24_doors, lemuel_doored_altar,
          uniq_pikel
D:8:      layout_gridville, erik_lair_island, serial_glass, glass_columns_a,
          glass_columns_b, serial_shops, shop, minmay_shop_chei
D:9:      layout_basic, chequers_arboretum, nicolae_sextant,
          minmay_crystal_water, amcnicky_mini_pool_small, uniq_maggie
Temple:   lightli_temple_of_artemis
Lair:1:   layout_roguey, grunt_megastairs_4, uniq_gastronok, uniq_sonja,
          uniq_amaemon
Lair:2:   nzn_winding_woodlands_stair_cross [nzn_winding_woodlands_5x15_eye,
          nzn_winding_woodlands_center_garden,
          nzn_winding_woodlands_5x15_longhouse, nzn_winding_woodlands_5x5_three,
          nzn_winding_woodlands_5x5_closed_star,
          nzn_winding_woodlands_5x15_default,
          nzn_winding_woodlands_center_pierced_h,
          nzn_winding_woodlands_5x15_sidewinder], layout_long_grid, st_stairs_9,
          nicolae_quartered_pool_medium, pond
Lair:3:   layout_roguey, minmay_shoals_entry_beasts,
          minmay_snake_entry_guardpost_small, portal_ice_cave_entry_pillars_1,
          lemuel_fruit_tree
IceCv:    ice_cave_caverns_02

Skill      XL: |  1  2  3  4  5  6  7  8  9 10 11 12 13 |
---------------+----------------------------------------+-----
Stealth        | 3 4 |  4.7
Dodging        | 3 4 5 6 7 9 10 | 10.4
Spellcasting   | 4 5 6 7 8 9 11 | 11.4
Earth Magic    | 4 5 6 7 8 9 10 | 10.7
Conjurations   | 1 2 4 6 7 8 10 | 10.3
Summonings     | 1 3 4 5 6 8 9 |  9.9
Transmutations | 3 4 5 6 |  6.3
Translocations | 3 5 6 8 |  8.7
Armour         | 3 |  3.7

Action                     |  1- 3 |  4- 6 |  7- 9 | 10-12 | 13-15 || total
---------------------------+-------+-------+-------+-------+-------++-------
  Melee: Dagger            |       |     1 |       |       |       ||     1
         Staff             |       |       |       |    28 |       ||    28
         Trident           |       |       |       |     7 |       ||     7
  Throw: Throwing net      |       |       |     1 |       |       ||     1
   Cast: Sandblast         |    53 |    91 |    79 |    63 |       ||   286
         Stone Arrow       |       |       |    65 |   228 |    69 ||   362
         Summon Forest     |       |       |       |     8 |     1 ||     9
         Summon Cactus Gia |       |       |       |     6 |     7 ||    13
  Evoke: Wand              |       |       |       |    45 |     1 ||    46
    Use: Scroll            |     1 |       |    11 |     3 |     1 ||    16
         Potion            |       |     1 |       |     4 |     1 ||     6
 Armour: Robe              |    10 |    29 |    32 |   127 |     7 ||   205
         Skin              |       |       |       |     7 |       ||     7
         Leather armour    |       |       |       |       |    18 ||    18
  Dodge: Dodged            |     3 |    35 |    50 |   146 |    21 ||   255

Table legend: (Time is in decaauts)
 A = Elapsed time spent in this place.
 B = Non-inter-level travel time spent in this place.
 C = Inter-level travel time spent in this place.
 D = Time resting spent in this place.
 E = Time spent auto-exploring this place.
 F = Levels seen in this place.
 G = Mean time per level.
                   A        B        C        D        E       F      G
               +--------+--------+--------+--------+--------+-----+--------+
         Total |  13307 |  12945 |    362 |   1309 |   8252 |  14 |  950.5 |
       Dungeon |   8961 |   8767 |    194 |    641 |   6316 |   9 |  995.7 |
        Temple |    147 |    140 |      7 |      0 |     43 |   1 |  147.0 |
          Lair |   3412 |   3252 |    160 |    405 |   1892 |   3 | 1137.3 |
      Ice Cave |    785 |    785 |      0 |    263 |      0 |   1 |  785.0 |
               +--------+--------+--------+--------+--------+-----+--------+

Top non-repeatable levels by time:
  Lair:2: 1730 daAuts
     D:6: 1575 daAuts
     D:8: 1350 daAuts
  Lair:1: 1193 daAuts
     D:4: 1082 daAuts
     D:9: 981 daAuts
     D:5: 966 daAuts
     D:7: 918 daAuts
     D:1: 886 daAuts
     D:2: 823 daAuts
   IceCv: 785 daAuts
  Lair:3: 488 daAuts
     D:3: 378 daAuts
  Temple: 147 daAuts
